 Dungeon Crawl Stone Soup version 0.27.1-35-g4d5d836560 (console) character file.

Game seed: 8074186096699168048

66768 grimtooth the Grappler (level 14, -17/216 HPs)
             Began as a Troll Arcane Marksman on Apr 21, 2022.
             Was a High Priest of Okawaru.
             Demolished by Donald (29 damage)
             ... on level 1 of the Orcish Mines.
             The game lasted 02:10:21 (20374 turns).

grimtooth the Grappler (Troll Arcane Marksman)     Turns: 20374, Time: 02:10:22

Health: -17/216    AC:  8    Str: 21    XL:     14   Next: 80%
Magic:  19/19      EV: 10    Int: 18    God:    Okawaru [*****.]
Gold:   1717       SH:  0    Dex: 14    Spells: 15/21 levels left

rFire    . . .     SeeInvis .     - Unarmed
rCold    + . .     Faith    .   L - +1 kite shield {rC+}
rNeg     + . .     Spirit   .   f - +1 robe "Emnois" {Drain Will++ Int+5}
rPois    +         Reflect  .   (helmet restricted)
rElec    .         Harm     .   J - +2 cloak
rCorr    .         Rampage  .   (gloves unavailable)
Will     ++++.                  (boots unavailable)
Stlth    ..........             D - amulet "Byutunug" {RegenMP rN+ Will+ Dex+4}
HPRegen  1.46/turn              F - ring of poison resistance
MPRegen  0.41/turn              v - +4 ring of evasion

@: mighty, berserking, heroic, held, hasted, very quick
A: large, unfitting armour, claws 3, regeneration 1, shaggy fur 1, tough skin 1
a: Renounce Religion, Heroism, Finesse


You were on level 1 of the Orcish Mines.
You worshipped Okawaru.
Okawaru was extremely pleased with you.
You visited 4 branches of the dungeon, and saw 21 of its levels.
You also visited: Gauntlet.

You collected 1717 gold pieces.

Inventory:

Hand Weapons
 s - the +8 fustibalus of Evolution {freeze, rElec rN++ MP-9 Dex+2}
   (You found it in a Gauntlet)

   Any ammunition fired from it freezes those it strikes, dealing additional
   cold damage.
   It can also slow down cold-blooded creatures.
   Dex:       It affects your dexterity (+2).
   rElec:     It insulates you from electricity.
   rN:        It greatly protects you from negative energy.
   MP:        It affects your magic capacity (-9).
Missiles
 a - 3 curare-tipped darts
 b - 3 large rocks
 c - a throwing net (quivered) {=f}
 q - 4 boomerangs
 E - 47 poisoned darts
 T - 3 atropa-tipped darts
Armour
 f - the +1 robe "Emnois" (worn) {Drain Will++ Int+5}
   (Okawaru gifted it to you on level 6 of the Lair of Beasts)

   Int:       It affects your intelligence (+5).
   Drain:     It drains your maximum health when unequipped.
   Will:      It greatly increases your willpower.
 J - a +2 cloak (worn)
 L - a +1 kite shield of cold resistance (worn)
Jewellery
 v - a +4 ring of evasion (right claw)
 D - the amulet "Byutunug" (around neck) {RegenMP rN+ Will+ Dex+4}
   (You found it on level 8 of the Dungeon)

   [amulet of magic regeneration]

   It increases your rate of magic regeneration.
   Dex:       It affects your dexterity (+4).
   rN:        It protects you from negative energy.
   Will:      It increases your willpower.
 F - a ring of poison resistance (left claw)
 G - a ring of resist corrosion
 H - the ring of Xom's Best Wishes {Fire Int+4}
   (You found it in a Gauntlet)

   [ring of fire]

   It enhances your fire magic.
   Int:       It affects your intelligence (+4).
   rF:        It protects you from fire.
   rC:        It makes you vulnerable to cold.
 N - a ring of flight
Wands
 l - a wand of charming (13)
 y - a wand of flame (84)
 M - a wand of iceblast (2)
 Q - a wand of digging (7)
Scrolls
 d - 4 scrolls of fog
 h - a scroll of silence {unknown}
 j - 3 scrolls of enchant weapon
 k - 5 scrolls of teleportation
 o - 2 scrolls of magic mapping {unknown}
 p - 3 scrolls of fear
 r - 3 scrolls of holy word {unknown}
 u - 2 scrolls of brand weapon {unknown}
 C - 2 scrolls of enchant armour {unknown}
 P - a scroll of immolation {unknown}
Potions
 g - 2 potions of haste
 t - 5 potions of curing
 z - 4 potions of lignification
 A - 3 potions of resistance
 B - a potion of berserk rage
 I - 4 potions of magic
 O - a potion of might
 S - a potion of invisibility
Miscellaneous
 i - a condenser vane


   Skills:
 + Level 10.3(15.3) Fighting
 + Level 7.3(12.3) Throwing
 - Level 1.5(6.5) Dodging
 - Level 9.0(14.0) Shields
 - Level 12.0(17.0) Unarmed Combat
 - Level 4.0 Spellcasting
 - Level 6.0 Hexes
 - Level 6.0 Translocations
 - Level 9.0 Invocations


You had 15 spell levels left.
You knew the following spells:

 Your Spells              Type           Power      Damage    Failure   Level
a - Slow                  Hex            25%        N/A       1%          2
b - Corona                Hex            27%        N/A       1%          1
x - Portal Projectile     Hex/Tloc       50%        N/A       3%          3

Your spell library contained the following spells:

 Spells                   Type           Power      Damage    Failure   Level
 Cause Fear               Hex            12%        N/A       12%         4
 Inner Flame              Hex/Fire       14%        N/A       13%         3
 Freeze                   Ice            12%        1d4       14%         1
 Conjure Flame            Conj/Fire      3%         6-21      41%         3
 Frozen Ramparts          Ice            6%         1d2       41%         3
 Ignite Poison            Fire/Tmut/Pois 3%         N/A       41%         3
 Hailstorm                Conj/Ice       3%         3d3       82%         4
 Sticky Flame             Conj/Fire      3%         2d3       82%         4
 Iskenderun's Battlesphe  Conj           3%         2d6       99%         5
 Iron Shot                Conj/Erth      1%         9d1       100%        6
 Spellforged Servitor     Conj/Summ      1%         N/A       100%        7


Dungeon Overview and Level Annotations

Branches:
Dungeon (12/15)            Temple (1/1) D:5            Lair (6/6) D:11
 Shoals (0/4) Lair:2        Snake (0/4) Lair:3        Slime (0/5) Lair:6
    Orc (2/2) D:12        Gauntlet (visited)
    Elf: Orc:2

Altars:
Ashenzari
Cheibriados
Dithmenos
Elyvilon
Fedhas
Gozag
Kikubaaqudgha
Makhleb
Nemelex Xobeh
Okawaru
Qazlal
Ru
Trog
Uskayaw
Vehumet
Wu Jian
Xom
Zin
The Shining One
Beogh
Jiyva

Shops:
D:7 *   D:9 =(

Annotations:
D:10 Maggie
Lair:2 exclusion: 2 doors
Lair:3 exclusion: 4 oklob plants, Rupert
Lair:4 3 runed translucent doors, cbfl8's ghost, journeyman MiDe
Lair:6 1 runed translucent door
Orc:1 Donald


Innate Abilities, Weirdness & Mutations

You are too large for most types of armour.
You have claws for hands.
Your natural rate of healing is unusually fast.
You are covered in fur. (AC +1)
You have tough skin. (AC +1)


Message History

Aiming: Iceblast
Press: ? - help, Shift-Dir - straight line, f/p - Donald
Aim: Donald, wielding a +0 eveningstar, wearing a +2 crystal plate armour and wearing a +0 kite shield of reflection (severely wounded, fast, strong, slow)
The mass of ice explodes!
The iceblast engulfs Donald but does no damage.
Donald is severely wounded.
Donald hits you with a +0 eveningstar!!
* * * LOW HITPOINT WARNING * * *
Donald is no longer moving slowly.
Okay, then.
Enter note: - such as now You feel much better.
Donald no longer looks unusually strong.
You block Donald's attack.
You feel yourself speed up. Donald closely misses you. Donald misses you.
Really walk into that dispersal trap?
You enter a dispersal trap!
Donald blinks!
You blink.
You feel more confident with your borrowed prowess.
Donald says, "The people that built this place?
They must be crazy."
Donald says, "Okawaru always makes me think of chokos."
Donald mumbles some strange words.
Donald seems to grow stronger.
You feel very mighty all of a sudden.
Donald says, "Do you think you're a hero?
I hate that."
Throw: 2 throwing nets {=f}
Press: ? - help, Q - select action, (/) - cycle Shift-Dir - straight line, f/p - Donald
Aim: Donald, wielding a +0 eveningstar, wearing a +2 crystal plate armour and wearing a +0 kite shield of reflection (heavily wounded, fast, strong, 82% to hit)
You throw a throwing net {=f}.
Donald reflects the throwing net {=f} off his +0 kite shield of reflection!
The throwing net {=f} hits you.
You become entangled in the net!
You tear a large gash into the net.
Donald hits you with a +0 eveningstar.
* * * LOW HITPOINT WARNING * * *
You struggle against the net.
Donald winces.
Donald hits you with a +0 eveningstar!!
* * * LOW HITPOINT WARNING * * *
A red film seems to cover your vision as you go berserk!
You feel yourself moving faster!
You feel mighty! Donald hits you with a +0 eveningstar!!
You die...

#...##....#### ##..####....#.##
### #...####...#...# ##.##
###....#^#...#.#####...#
##............#.###.#..##
#.......................#
.........(.............##
#.#......(.............##
#.#.....................#
........................#
................@......##
.........(......@......#
.......................### ####
.......................#.###..##
##.............................#
#............[[...#...........##
##..........>............#.####
###.#.......^............##
####.#........÷..#....#.##
##.............#.#....#
#.............§.^....#


You could see Donald (fast, strong).

Vanquished Creatures
  An entropy weaver (Gauntlet)
  A minotaur (Gauntlet)
  2 boulder beetles
  A catoblepas (Lair:2)
  9 hydras
  2 two-headed ogres (D:11)
  11 death yaks
  Nergalle (Lair:1)
  A lindwurm (Lair:2)
  A wolf spider (Lair:6)
  An ugly thing (D:12)
  A manticore (D:11)
  A cyclops (D:12)
  A moth of wrath (Gauntlet)
  12 elephants
  A guardian serpent (Lair:6)
  14 black mambas
  Maurice (D:11)
  A torpor snail (Lair:2)
  A gargoyle (D:11)
  3 kobold demonologists
  27 cane toads
  A freezing wraith (D:11)
  2 rime drakes
  11 komodo dragons
  6 trolls
  2 polar bears
  3 hornets (Lair:6)
  Grinder (D:6)
  Prince Ribbit (D:6)
  9 blink frogs
  3 slime creatures (D:12)
  A dream sheep (Lair:2)
  2 redbacks (Gauntlet)
  18 wyverns
  A wraith (D:12)
  36 yaks
  A basilisk (Lair:5)
  A hog (D:12)
  A human (D:12)
  3 vampire mosquitoes (D:12)
  3 steam dragons
  3 swamp worms (Gauntlet)
  A warg (Orc:1)
  2 nagas (Lair:3)
  Duvessa (D:6)
  32 water moccasins
  4 orc warriors
  A necrophage (D:6)
  3 black bears
  3 ogres
  10 centaurs
  14 wolves
  4 kobold brigands
  12 bullfrogs
  A gnoll sergeant (D:11)
  Dowan (D:6)
  4 scorpions
  3 wights (D:9)
  3 howler monkeys
  2 electric eels
  2 centaur zombies (D:9)
  2 hounds (D:4)
  3 jellies
  8 orc priests
  A centaur skeleton (D:5)
  2 iguanas
  7 orc wizards
  Natasha (D:2)
  A killer bee zombie (D:7)
  2 hound skeletons
  5 gnolls (D:11)
  A howler monkey skeleton (D:5)
  9 adders
  A shadow imp (D:6)
  A white imp (D:7)
  2 worms (D:2)
  4 dart slugs
  51 orcs
  5 ball pythons
  10 endoplasms
  3 giant cockroaches
  13 goblins
  7 hobgoblins
  14 jackals
  4 quokkas
  A bat (D:2)
  5 frilled lizards
  24 kobolds
  7 rats
  A spectral hobgoblin (D:1)
501 creatures vanquished.

Vanquished Creatures (others)
  19 demonic plants (Gauntlet)
  66 fungi
  120 plants
205 creatures vanquished.

Grand Total: 706 creatures vanquished

Notes
Turn   | Place    | Note
-------+----------+-------------------------------------------
     0 | D:1      | grimtooth the Troll Arcane Marksman began the quest for the
                  | Orb.
     0 | D:1      | Reached XP level 1. HP: 18/18 MP: 1/1
    79 | D:1      | Reached skill level 1 in Unarmed Combat
   122 | D:1      | Reached XP level 2. HP: 25/26 MP: 2/2
   180 | D:1      | Found a burning altar of Makhleb.
   242 | D:1      | Reached skill level 2 in Unarmed Combat
   295 | D:1      | Reached XP level 3. HP: 28/32 MP: 3/3
   368 | D:1      | Found a faded altar of an unknown god.
   941 | D:1      | Learned a level 2 spell: Slow
  1361 | D:2      | Reached skill level 3 in Unarmed Combat
  1361 | D:2      | Reached XP level 4. HP: 40/40 MP: 4/4
  1611 | D:2      | Found a stormy altar of Qazlal.
  1824 | D:2      | Noticed a scorpion
  1829 | D:2      | Killed a scorpion
  1830 | D:2      | Reached skill level 4 in Unarmed Combat
  1830 | D:2      | Reached XP level 5. HP: 36/46 MP: 5/5
  1905 | D:2      | Noticed Natasha
  1911 | D:2      | Killed Natasha
  2028 | D:3      | Found a shimmering altar of Xom.
  2248 | D:3      | Found a radiant altar of Vehumet.
  2440 | D:3      | Reached XP level 6. HP: 54/54 MP: 3/6
  2653 | D:3      | Reached skill level 5 in Unarmed Combat
  3287 | D:4      | Reached skill level 6 in Unarmed Combat
  3287 | D:4      | Reached XP level 7. HP: 61/61 MP: 2/7
  3343 | D:4      | Found an ancient bone altar of Kikubaaqudgha.
  3500 | D:4      | Found a sparkling altar of Nemelex Xobeh.
  3683 | D:5      | Entered Level 5 of the Dungeon
  4094 | D:5      | Reached skill level 7 in Unarmed Combat
  4298 | D:5      | Found a staircase to the Ecumenical Temple.
  4312 | Temple   | Entered the Ecumenical Temple
  4327 | Temple   | Became a worshipper of Warmaster Okawaru
  4426 | D:6      | Reached skill level 5 in Throwing
  4506 | D:6      | Reached XP level 8. HP: 10/68 MP: 8/8
  4607 | D:6      | Found a shadowy altar of Dithmenos.
  4611 | D:6      | Found a hide-covered altar of Uskayaw.
  4616 | D:6      | Found an ornate altar of the Wu Jian Council.
  4728 | D:6      | Noticed a troll
  4739 | D:6      | Killed a troll
  4740 | D:6      | Reached skill level 8 in Unarmed Combat
  4786 | D:6      | Noticed Prince Ribbit
  4787 | D:6      | Noticed Duvessa
  4903 | D:6      | - crap
  4910 | D:7      | Reached * piety under Okawaru
  4951 | D:7      | Found a sacrificial altar of Ru.
  5035 | D:7      | Found a glowing silver altar of Zin.
  5123 | D:7      | Found Xucymeta's Serpentskin Sales.
  5242 | D:7      | Reached skill level 9 in Unarmed Combat
  5463 | D:8      | Identified the amulet "Byutunug" {RegenMP rN+ Will+ Dex+4}
  5494 | D:8      | Reached skill level 1 in Invocations
  5525 | D:8      | Found a burning altar of Makhleb.
  5525 | D:8      | Noticed a blizzard demon
  5914 | D:8      | Reached XP level 9. HP: 75/75 MP: 9/9
  5922 | D:8      | Reached ** piety under Okawaru
  6399 | D:9      | Noticed a kobold demonologist
  6413 | D:9      | Killed a kobold demonologist
  6623 | D:9      | Noticed a troll
  6631 | D:9      | Killed a troll
  6632 | D:9      | Reached skill level 5 in Invocations
  6645 | D:9      | Found a bloodstained altar of Trog.
  6739 | D:9      | Reached *** piety under Okawaru
  7048 | D:9      | Found Awacirem's Weapon Shop.
  7224 | D:9      | Found a glowing golden altar of the Shining One.
  7240 | D:9      | Reached skill level 5 in Hexes
  7240 | D:9      | Found Nokuasiu's Jewellery Shoppe.
  7338 | D:10     | Entered Level 10 of the Dungeon
  7342 | D:9      | - how is there no ID
  7415 | D:6      | Noticed Dowan
  7467 | D:6      | Reached XP level 10. HP: 54/83 MP: 13/13
  7523 | D:6      | Killed Duvessa
  7529 | D:6      | Killed Dowan
  7713 | D:6      | Noticed Grinder
  7726 | D:6      | Killed Grinder
  7760 | D:6      | Killed Prince Ribbit
  7953 | D:10     | Reached skill level 1 in Fighting
  7980 | D:10     | Found a white marble altar of Elyvilon.
  8375 | D:10     | Noticed Maggie
  8871 | D:10     | Reached **** piety under Okawaru
  8921 | D:11     | Noticed a manticore
  8922 | D:11     | Noticed a two-headed ogre
  8957 | D:11     | Killed a two-headed ogre
  8964 | D:11     | Killed a manticore
  8965 | D:11     | Reached skill level 10 in Unarmed Combat
  9141 | D:11     | Reached XP level 11. HP: 79/101 MP: 7/14
  9196 | D:11     | Reached skill level 5 in Fighting
  9273 | D:11     | Noticed Maurice
  9315 | D:11     | Reached ***** piety under Okawaru
  9386 | D:11     | Received a gift from Okawaru
  9480 | D:11     | Noticed a two-headed ogre
  9502 | D:11     | Killed a two-headed ogre
  9503 | D:11     | Reached skill level 11 in Unarmed Combat
  9595 | D:11     | Found a staircase to the Lair.
  9665 | D:11     | Killed Maurice
  9703 | Lair:1   | Entered Level 1 of the Lair of Beasts
  9712 | Lair:1   | Noticed Nergalle
  9983 | Lair:1   | Reached skill level 12 in Unarmed Combat
 10076 | Lair:1   | Reached skill level 1 in Shields
 10734 | Lair:1   | Killed Nergalle
 11060 | Lair:2   | Noticed a six-headed hydra
 11113 | Lair:2   | Killed a six-headed hydra
 11114 | Lair:2   | Reached XP level 12. HP: 12/118 MP: 12/15
 11481 | Lair:2   | Noticed a catoblepas
 11500 | Lair:2   | Killed a catoblepas
 11500 | Lair:2   | Received a gift from Okawaru
 11606 | Lair:2   | Noticed a death yak
 11606 | Lair:2   | Noticed a death yak
 11624 | Lair:2   | Noticed a death yak
 11627 | Lair:2   | Killed a death yak
 11628 | Lair:2   | Noticed a death yak
 11632 | Lair:2   | Killed a death yak
 11632 | Lair:2   | Received a gift from Okawaru
 11633 | Lair:2   | Reached skill level 5 in Shields
 11641 | Lair:2   | Killed a death yak
 11648 | Lair:2   | Killed a death yak
 11648 | Lair:2   | Received a gift from Okawaru
 11896 | Lair:2   | Found a staircase to the Shoals.
 12241 | Lair:2   | Noticed an eight-headed hydra
 12390 | Lair:2   | Received a gift from Okawaru
 12450 | Lair:2   | Received a gift from Okawaru
 12509 | Lair:2   | Noticed a catoblepas
 12510 | Lair:2   | Noticed a four-headed hydra
 12510 | Lair:2   | Noticed a death yak
 12550 | Lair:2   | HP: 5/123 [catoblepas/blast of calcifying dust (4)]
 12723 | Lair:3   | Found a staircase to the Snake Pit.
 12844 | Lair:3   | Noticed Rupert
 13004 | Lair:3   | Noticed a six-headed hydra
 13018 | Lair:3   | Received a gift from Okawaru
 13225 | Lair:4   | Reached XP level 13. HP: 77/131 MP: 15/17
 13601 | Lair:4   | Found a runed translucent gate.
 13733 | Lair:4   | Found a runed translucent gate.
 13734 | Lair:4   | Found a runed translucent gate.
 13736 | Lair:4   | Noticed cbfl8's ghost (journeyman MiDe)
 13778 | Lair:4   | Found a broken altar of Ashenzari.
 14891 | Lair:5   | Received a gift from Okawaru
 15330 | Lair:5   | Learned a level 3 spell: Portal Projectile
 15331 | Lair:6   | Entered Level 6 of the Lair of Beasts
 15609 | Lair:5   | Reached skill level 1 in Translocations
 15803 | Lair:6   | Found a runed translucent door.
 16036 | Lair:6   | Found a viscous altar of Jiyva.
 16037 | Lair:6   | Found a staircase to the Slime Pits.
 16224 | Lair:5   | Reached ****** piety under Okawaru
 16247 | Lair:6   | Identified the +1 robe "Emnois" {Drain Will++ Int+5}
                  | (Okawaru gifted it to you on level 6 of the Lair of Beasts)
 16247 | Lair:6   | Received a gift from Okawaru
 16302 | Lair:6   | Reached XP level 14. HP: 129/140 MP: 19/19
 16710 | Lair:6   | Reached skill level 5 in Translocations
 18444 | D:12     | Found a gate leading to a gauntlet.
 18476 | Gauntlet | Entered a Gauntlet
 18476 | Gauntlet | Found a transporter.
 18485 | Gauntlet | Found a transporter.
 18502 | Gauntlet | Found a transporter.
 18509 | Gauntlet | Found a transporter.
 18550 | Gauntlet | Found a transporter.
 18569 | Gauntlet | Found a transporter.
 18589 | Gauntlet | Found a transporter.
 18594 | Gauntlet | Found a transporter.
 18596 | Gauntlet | Found a transporter.
 18619 | Gauntlet | Found a transporter.
 18625 | Gauntlet | Found a transporter.
 18632 | Gauntlet | Noticed a reaper
 18644 | Gauntlet | Found a transporter.
 18656 | Gauntlet | Found a transporter.
 18666 | Gauntlet | Found a transporter.
 18666 | Gauntlet | Found a transporter.
 18750 | Gauntlet | Found a transporter.
 18778 | Gauntlet | Found a transporter.
 18778 | Gauntlet | Found a transporter.
 18847 | Gauntlet | - so a coin toss?
 18885 | Gauntlet | - oh I see
 18909 | Gauntlet | Received a gift from Okawaru
 18984 | Gauntlet | Identified the +8 fustibalus of Evolution {freeze, rElec
                  | rN++ MP-9 Dex+2}
 19005 | Gauntlet | Identified the ring of Xom's Best Wishes {Fire Int+4}
 19065 | D:12     | Found a staircase to the Orcish Mines.
 19085 | D:12     | Reached skill level 10 in Fighting
 19938 | Orc:1    | Entered Level 1 of the Orcish Mines
 20133 | Orc:2    | Entered Level 2 of the Orcish Mines
 20300 | Orc:2    | Noticed Donald
 20342 | Orc:1    | - uh-oh
 20346 | Orc:1    | - man if the slow wears off...
 20360 | Orc:1    | - such as now
 20373 | Orc:1    | HP: 7/144 [Donald (35)]
 20374 | Orc:1    | Demolished by Donald

Illustrated notes ..# ..# ..# ..# !.[$... ..# ....... ..# ........ ..# ........ ..# ........ .## ........ .### ##..?.....## ...####!........@# ##.............se..# .######.....[....### .######..........# ...##.........(.5# .#....##.........# ....### #......... .##.# ##..##.## ..#.# .## #.... # ###... Turn 4903 on D:6: - crap ...# #######......_...#.# ...# ########.#....#.#.# ...####............##.#.# ...#..#.######.(.####.#.# ...#..#.# ##..# #.#.# <..#..#.# #..# #.#.# ####..#†##### #..# #.#.# ......#.....###..####.#.# #####.#####.........#.#.# ....#.#.............#.#.# .##.#.#.####....@...#.#.# ....#.#.# #....>...#.#.# #####.#.# #........#.#.# (.....#.# ##########.#.# #######.# #.#.# #.# #.#.######## #.# #.#........# #.# #.#######.## #.# #.# #.# #.# #.# #.# #######.# #.# #.# Turn 7342 on D:9: - how is there no ID §§..≈....#.#/...©.#.!#.#........# §§§≈≈.§≈≈#.#.....#...#.#..# .##.© hh§..§≈§.#.##....#...#.#.##....## .≈.≈≈....#.#.##.#....#.#.#.####.# ©..≈©.≈≈.#.#...###...#.#.##.©.##. ...≈≈.≈.≈#.#....#©##.#.##.####.#. ≈.≈..§.hy#.#...#....##.###....##. .≈≈≈..≈§h#.#...#..w..#.#.######.. $...≈≈.hh#.#..#.w.w..#.#B![...... ##########.###########.########## ................@................ ................................. ###############.∩.############### #8# #8# #8# #...# #8# #8# #8# ### ### ### #§∩§# ### ### ### ##### Turn 18847 on Gauntlet: - so a coin toss?

...#.#####.#.###.#..#####..#.#...
.#.#.#YYY.#....#.#.#..#©.#.#.#...
##.#.##Y#..##.©#.#.#..#..#.#.#..#
#^.#.#.#YY#.####.#..##.##.5#.#...
...#.#..#Y##.Y##.#.........#.#...
#################################
..........©#≈≈≈§8≈≈≈≈#©..........
#################################
≈≈8§§#©.........©.........©#≈§8≈§
#################################
§§..≈...y#.#....@.#..#.#........#
§§§≈≈.§§≈#.#.....#...#.#..##.##.©
hh§..§≈.h#.##....#...#.#.##....##
.≈.≈≈§..h#.#.##.#....#.#.#.####.#
©..≈©§§§h#.#...###...#.#.##.©.##.
...≈≈§≈§≈#.#....#©##.#.##.####.#.
≈.≈..≈..§#.#...#....##.###....##.
.≈≈≈..§≈.#.#...#.....#.#B######..
$...≈≈..h#.#..#†.....#.#.![......
##########.###########.##########
................©................


Turn 18885 on Gauntlet: - oh I see .## ##..####....#.## ### ..# #...####...#...#
##.## .## ### ###....#^#...#.#####...# ..###.###............#.###.#..##
..##.<.#.......................# ......#.........(.............##
......##.#......(.............## .......#.#.....................#
#..............................# ##..............@.............##
#...............@.............# ..............................###
....###.......................#.# ....#####........................ .#...#
#............[[...#....... .##.## ##..........>............# ..###
###.#.......^............ .## ####.#........÷..#....# ## ##.............#.#..
#...............^.. #.................# Turn 20342 on Orc:1: - uh-oh
..##.<.#.......................# ......#.........(.............##
......##.#......(.............## .......#.#.....................#
#..............................# ##............................##
#...............(.............# ..............................###
....###.......................#.# ....#####.......@................ .#...#
#........@...[[...#....... .##.## ##..........>............# ..###
###.#.......^............ .## ####.#........÷..#....# ## ##.............#.#..
#...............^.. #.................# ##.......#........# ##.......##...#..##
#....##........### #...####..)...## Turn 20346 on Orc:1: - man if the slow wears
off... .....(.............# ...................### ####
...................#.###..## ...........................#
.........[[...#...........## ........>............#.####
.#.......^............## ###.#........÷..#....#.## ##.............#.#....#
#...............^....# #............@....#.## ##.......#..@.....###
##.......##...#..## #....##........### #...####..)...## ##.## ##......## ###
#........# ##.#.....## ####.#...# ####.## ### Turn 20360 on Orc:1: - such as now

Levels and vault maps discovered:
D:1:      wheals_arrival_linesprint, layout_rooms,
          dreamdust_ecumenical_altar_drowned_temple, minmay_misc_feat_tower,
          minmay_hexomino_r4
D:2:      layout_loops_corners, basic_altar, minmay_circle_x, uniq_natasha
D:3:      layout_loops_corners, nicolae_vehumet_altar_sigil, xom_teletrap_fun,
          minmay_unequal
D:4:      layout_loops_ring, lemuel_tele_altar, kiku_gazebo_pond_becter
D:5:      layout_basic, minmay_temple_entry_glassed_door
D:6:      layout_rooms, grunt_temple_overflow_diamond, uniq_prince_ribbit1,
          uniq_duvessa, uniq_grinder
D:7:      layout_rooms, old_standard_altar, nicolae_ru_awakened_eye,
          guppyfry_shop_venom
D:8:      layout_cave_pods, makhleb_altar_promises_db, serial_bayou_crossing
D:9:      layout_basic, bloody_trog, mainiacjoe_overflow_24_doors, serial_shops,
          nicolae_shop_crystal, kennysheep_little_box
D:10:     layout_loops_ring, mainiacjoe_overflow_tiny_flanked, special_room
          [special_room_orc], uniq_maggie
D:11:     layout_rooms, grunt_lair_entry_orc_guard_hut, uniq_maurice
D:12:     layout_loops_ring, orc_0_dummy, gauntlet_entry_generic,
          grunt_livestock
Temple:   dpeg_three_leaves_temple
Lair:1:   layout_cave_pods, grunt_megastairs_1, uniq_nergalle
Lair:2:   nzn_winding_woodlands_huge [nzn_winding_woodlands_5x15_eye,
          nzn_winding_woodlands_5x15_concentric,
          nzn_winding_woodlands_5x15_sawtooth,
          nzn_winding_woodlands_5x15_parted, nzn_winding_woodlands_5x15_cabin,
          nzn_winding_woodlands_5x15_twine,
          nzn_winding_woodlands_5x15_longhouse,
          nzn_winding_woodlands_5x15_default,
          nzn_winding_woodlands_5x15_lazy_stream,
          nzn_winding_woodlands_5x15_jagged, nzn_winding_woodlands_center_lodge,
          nzn_winding_woodlands_center_diamonds,
          nzn_winding_woodlands_15x15_killbox], layout_loops_ring,
          minmay_shoals_entry_centaurs, minivault_24
Lair:3:   layout_chaotic_city, minmay_snake_entry_guardpost_small,
          grunt_forest_small_clearing_treed, minmay_lair_oklob_chamber,
          infiniplex_staircase_pool_2, uniq_rupert
Lair:4:   layout_gridlike, basic_altar, gammafunk_ghost_hydra_chop,
          serial_rivers, chequers_serial_rivers_large_b,
          chequers_serial_rivers_micro_e, chequers_serial_rivers_micro_c,
          chequers_serial_rivers_micro_a, chequers_serial_rivers_room_a,
          serial_bayou_pond_a, minivault_26, chequers_serial_rivers_micro_a,
          serial_bayou_pond_e, serial_bayou_shore_b, infiniplex_staircase_pool
Lair:5:   layout_small_grid, grunt_megastairs_4, serial_bayou_shore_b
Lair:6:   hangedman_lair_tendril_chambers, layout_small_grid, slime_altar_2,
          nicolae_quartered_pool_super, chequers_serial_rivers_micro_d
Orc:1:    layout_caves
Orc:2:    st_orc_congregation, layout_diamond_mine, uniq_donald

Skill      XL: |  1  2  3  4  5  6  7  8  9 10 11 12 13 14 |
---------------+-------------------------------------------+-----
Throwing       | 2 3 4 5 6 7 |  7.3
Unarmed Combat | 1 2 3 4 6 7 9 10 12 | 12.0
Invocations    | 2 5 6 9 |  9.0
Hexes          | 5 6 |  6.0
Fighting       | 4 7 9 10 | 10.3
Shields        | 3 7 9 |  9.0
Translocations | 3 6 |  6.0
Spellcasting   | 3 4 |  4.0
Dodging        | |  1.5

Action                   |  1- 3 |  4- 6 |  7- 9 | 10-12 | 13-15 || total
-------------------------+-------+-------+-------+-------+-------++-------
Melee: Unarmed           |   128 |   129 |   269 |   611 |   853 ||  1990
       Punch             |       |     1 |    10 |    32 |     3 ||    46
Throw: Stone             |    81 |    50 |    67 |    54 |    56 ||   308
       Large rock        |       |     1 |       |     4 |    18 ||    23
       Boomerang         |       |       |       |    20 |     9 ||    29
       Dart              |       |       |       |     5 |       ||     5
       Javelin           |       |       |       |       |    24 ||    24
       Throwing net      |       |       |       |       |     1 ||     1
 Cast: Slow              |       |     7 |    40 |   126 |   185 ||   358
Invok: Heroism           |       |       |       |    11 |    22 ||    33
       Finesse           |       |       |       |     1 |     4 ||     5
Evoke: Wand              |       |       |       |     4 |    12 ||    16
       Condenser vane    |       |       |       |     1 |       ||     1
  Use: Potion            |       |       |     4 |       |     6 ||    10
       Scroll            |       |       |     5 |    13 |     9 ||    27
 Stab: Sleeping          |     1 |     1 |       |       |       ||     2
       Petrified         |       |       |       |     4 |       ||     4
       Confused          |       |       |       |     1 |       ||     1
Armor: Robe              |    46 |    31 |    82 |   159 |   131 ||   449
Dodge: Dodged            |    67 |    47 |   114 |   253 |   336 ||   817
Block: Kite shield       |       |       |       |       |   463 ||   463
